[Event "Titled Tuesday Blitz July 27 2021"]
[White "Tanenbaum, Zachary"]
[Black "Taichman, Ori"]
[WhiteFideId "2060850"]
[BlackFideId "2804069"]
[WhiteElo "2165"]
[BlackElo "2227"]
[Result "1/2-1/2"]
[Round "04"]
[TimeControl "180+1"]
[Date "2021.07.27"]
[WhiteClock "0:00:13"]
[BlackClock "0:00:15"]

1. e4 c5 2. Nf3 Nc6 3. Nc3 g6 4. d4 cxd4 5. Nxd4 Bg7 6. Be3 Nf6 7. Bc4 O-O 8. Bb3 d6 9. h3 Bd7 10. O-O Rc8 11. f4 Na5 12. f5 Nc4 13. Bxc4 Rxc4 14. Qd2 Qa5 15. Nb3 Qc7 16. Bd4 Bc6 17. Qd3 b5 18. Rae1 a5 19. Nd5 Bxd5 20. exd5 Rxc2 21. Nxa5 Nxd5 22. Bxg7 Kxg7 23. Qxd5 Qxa5 24. Rxe7 Qb6+ 25. Kh1 Rxb2 26. fxg6 Rf2 27. Rfe1 hxg6 28. Rb7 Qc5 29. Qxc5 dxc5 30. Rxb5 Rc8 31. Ra1 c4 32. a4 c3 33. Rbb1 c2 34. Rc1 Rd2 35. a5 Rcd8 36. Kh2 Re8 37. a6 Ree2 38. Rg1 Re8 39. a7 Ra8 40. Rgc1 Rd7 41. Rxc2 Rdxa7 42. Rf1 Re7 43. Rf3 Raa7 44. Kg3 Re6 45. Rcf2 Rae7 46. Kh2 Re3 47. Rf4 R3e4 48. Rxe4 Rxe4 49. Kg3 Re3+ 50. Rf3 Rxf3+ 51. Kxf3 Kf6 52. h4 Kf5 53. g4+ Ke5 54. Ke3 Kf6 55. Kf4 g5+ 56. hxg5+ Kg6 57. Kf3 Kxg5 58. Kg3 f5 59. gxf5 Kxf5 1/2-1/2


[Site "https://www.chess.com"]

[Event "Titled Tuesday Blitz July 27 2021"]
[White "Tristan, Leonardo"]
[Black "Bazeev, German"]
[WhiteFideId "113816"]
[BlackFideId "24119350"]
[WhiteElo "2404"]
[BlackElo "2462"]
[Result "1-0"]
[Round "04"]
[TimeControl "180+1"]
[Date "2021.07.27"]
[WhiteClock "0:00:52"]
[BlackClock "0:00:08"]

1. d4 Nf6 2. Bg5 c5 3. d5 d6 4. Nc3 h6 5. Bxf6 exf6 6. e4 g6 7. Bb5+ Nd7 8. a4 a6 9. Be2 Bg7 10. Nf3 O-O 11. Nd2 Re8 12. O-O Nf8 13. Bd3 h5 14. Nc4 h4 15. a5 Bh6 16. f4 Kg7 17. Qf3 g5 18. e5 g4 19. Qf2 g3 20. hxg3 dxe5 21. fxe5 Nd7 22. e6 Nf8 23. gxh4 fxe6 24. Qg3+ Kh8 25. Nd6 exd5 26. Nf7# 1-0


[Site "https://www.chess.com"]

[Event "Titled Tuesday Blitz July 27 2021"]
[White "Unver, Cumali"]
[Black "deribas12345"]
[WhiteFideId "6304940"]
[WhiteElo "2013"]
[BlackElo "2571"]
[Result "0-1"]
[Round "04"]
[TimeControl "180+1"]
[Date "2021.07.27"]
[WhiteClock "0:00:13"]
[BlackClock "0:01:04"]

1. e4 c5 2. Nf3 d6 3. Bb5+ Nc6 4. O-O Nf6 5. Re1 Bd7 6. c3 e5 7. d4 Be7 8. d5 Nb8 9. Bxd7+ Nbxd7 10. c4 a6 11. Nc3 Nf8 12. Rb1 N8d7 13. a3 a5 14. Nb5 O-O 15. Qd3 Ne8 16. Rf1 Nc7 17. Nxc7 Qxc7 18. Ne1 Rfb8 19. b3 a4 20. Bd2 h6 21. Nc2 axb3 22. Rxb3 Ra4 23. Rfb1 b6 24. g3 Rba8 25. Kg2 Qc8 26. h3 Qa6 27. Rb5 Bd8 28. h4 Nf6 29. R1b3 Ne8 30. Rb1 Rb8 31. Qb3 Ra8 32. Bc1 Qc8 33. Ne3 g6 34. Qd1 h5 35. Qb3 Nf6 36. Qd3 Ng4 37. Nxg4 Qxg4 38. f3 Qd7 39. R1b3 Bc7 40. Qe2 f6 41. Qd3 Kh7 42. Rb1 Rf8 43. Qb3 Ra7 44. Bd2 f5 45. a4 fxe4 46. fxe4 Qg4 47. Re1 Rxa4 48. Qxa4 Rf3 0-1


[Site "https://www.chess.com"]

[Event "Titled Tuesday Blitz July 27 2021"]
[White "Urazayev, Arystanbek"]
[Black "Makhnev, Denis"]
[WhiteFideId "13709810"]
[BlackFideId "13707647"]
[WhiteElo "2321"]
[BlackElo "2537"]
[Result "1-0"]
[Round "04"]
[TimeControl "180+1"]
[Date "2021.07.27"]
[WhiteClock "0:00:09"]
[BlackClock "0:00:04"]

1. e4 c6 2. d4 d5 3. exd5 cxd5 4. c4 Nf6 5. Nc3 Nc6 6. Nf3 a6 7. Bg5 Be6 8. Bxf6 exf6 9. c5 g6 10. h3 Bg7 11. Be2 O-O 12. O-O f5 13. Qd2 h6 14. Bd1 g5 15. Ba4 f4 16. Bxc6 bxc6 17. Rfe1 Qc7 18. Ne5 Rae8 19. Qd3 Bc8 20. Nf3 f5 21. Rxe8 Rxe8 22. Re1 Re4 23. Nxe4 fxe4 24. Qc2 Qa5 25. Qc3 Qxa2 26. Nd2 Qa4 27. Nb3 Bf5 28. Ra1 Qb5 29. Nc1 f3 30. gxf3 Bxh3 31. Nb3 Bf5 32. Nd2 exf3 33. Re1 g4 34. Qe3 Qb7 35. Qf4 Qf7 36. Nb3 h5 37. Na5 Bd7 38. Qb8+ Kh7 39. Qc7 g3 40. Qxg3 Bxd4 41. Nb3 Bg7 42. Qh4 Bg4 43. Qg3 Bxb2 44. Qd6 Bg7 45. Re7 Qg6 46. Qxg6+ Kxg6 47. Na5 d4 48. Nxc6 d3 49. Re3 d2 50. Rd3 Bh6 51. Ne5+ Kf5 52. Nxg4 hxg4 53. c6 Ke4 54. Rxd2 Bf4 55. Rd8 g3 56. Rd7 g2 57. c7 Bxc7 58. Rxc7 a5 59. Ra7 a4 60. Rxa4+ 1-0


[Site "https://www.chess.com"]

[Event "Titled Tuesday Blitz July 27 2021"]
[White "ValeriyGrinev"]
[Black "Baches Garcia, Guillermo"]
[BlackFideId "2209764"]
[WhiteElo "2620"]
[BlackElo "2424"]
[Result "1/2-1/2"]
[Round "04"]
[TimeControl "180+1"]
[Date "2021.07.27"]
[WhiteClock "0:00:03"]
[BlackClock "0:00:05"]

1. d4 Nf6 2. c4 e6 3. g3 d5 4. Bg2 Be7 5. Nf3 O-O 6. O-O dxc4 7. Qc2 a6 8. a4 Bd7 9. Qxc4 Bc6 10. Bg5 Nbd7 11. Nc3 h6 12. Bxf6 Nxf6 13. Rfe1 Bxf3 14. Bxf3 c6 15. a5 Qd6 16. Na4 Rad8 17. e3 Nd7 18. b4 e5 19. Nc5 Nxc5 20. bxc5 Qf6 21. Bg2 exd4 22. exd4 Rxd4 23. Qc3 Rfd8 24. Rac1 Rd2 25. Qe3 R8d3 26. Qf4 Qxf4 27. gxf4 Kf8 28. Re4 Rd1+ 29. Rxd1 Rxd1+ 30. Bf1 Bxc5 31. Rc4 Ba7 32. Rb4 Rd7 33. Kg2 Bb8 34. Bxa6 Bxf4 35. Bxb7 Bd6 36. Rb1 Rc7 37. a6 Bc5 38. Rd1 Ke7 39. Re1+ Kf8 40. Re4 Ba7 41. Kf3 c5 42. Ke2 c4 43. f3 c3 44. Kd1 c2+ 45. Kc1 f5 46. Re2 f4 47. Rxc2 Rxc2+ 48. Kxc2 Ke7 49. Kd3 Kf6 50. Ke4 Kg5 51. Bc8 g6 52. Kd5 Kh4 53. Kc6 g5 54. Kb7 Be3 55. a7 Bxa7 56. Kxa7 h5 57. Kb6 g4 58. fxg4 hxg4 59. Kc5 f3 60. Kd4 g3 61. hxg3+ Kxg3 62. Ke3 Kg2 63. Bb7 Kg1 64. Bxf3 1/2-1/2


[Site "https://www.chess.com"]

[Event "Titled Tuesday Blitz July 27 2021"]
[White "Vokhidov, Shamsiddin"]
[Black "Wong, Yinn Long"]
[WhiteFideId "14204223"]
[BlackFideId "5707684"]
[WhiteElo "2572"]
[BlackElo "2016"]
[Result "1/2-1/2"]
[Round "04"]
[TimeControl "180+1"]
[Date "2021.07.27"]
[WhiteClock "0:02:25"]
[BlackClock "0:02:25"]

1. e4 c6 2. d4 d5 3. e5 Bf5 4. h4 h5 5. c4 e6 6. Nc3 Ne7 7. Nge2 Bg4 8. Qb3 Qb6 9. c5 Qc7 10. Qc2 b6 11. b4 a5 12. b5 bxc5 13. dxc5 Qxe5 14. Bf4 Qf6 15. Bg5 Qe5 16. Bf4 Qf6 17. Bg5 Qe5 18. Bf4 1/2-1/2


[Site "https://www.chess.com"]

[Event "Titled Tuesday Blitz July 27 2021"]
[White "Volkov, Maksim"]
[Black "Stribuk, Artiom"]
[WhiteFideId "54123070"]
[BlackFideId "13515659"]
[WhiteElo "2113"]
[BlackElo "2224"]
[Result "0-1"]
[Round "04"]
[TimeControl "180+1"]
[Date "2021.07.27"]
[WhiteClock "0:00:25"]
[BlackClock "0:00:31"]

1. d4 Nf6 2. c4 g6 3. Nf3 Bg7 4. g3 O-O 5. Bg2 c6 6. O-O d5 7. cxd5 cxd5 8. Nc3 Ne4 9. Bf4 Nxc3 10. bxc3 Nc6 11. Ne5 Nxe5 12. Bxe5 Bxe5 13. dxe5 e6 14. e4 dxe4 15. Qxd8 Rxd8 16. Bxe4 Kf8 17. Rfd1 Ke7 18. Rxd8 Kxd8 19. Rd1+ Kc7 20. Kg2 Rb8 21. Kf3 b6 22. Kf4 h6 23. h4 Bb7 24. h5 g5+ 25. Ke3 Bxe4 26. Kxe4 Rg8 27. Rd6 Rd8 28. Rxd8 Kxd8 29. f4 gxf4 30. Kxf4 Ke7 31. g4 f6 32. c4 Kf7 33. Ke4 fxe5 34. Kxe5 Ke7 35. a3 Kf7 36. a4 Ke7 37. a5 bxa5 38. g5 a4 39. gxh6 a3 0-1


[Site "https://www.chess.com"]

[Event "Titled Tuesday Blitz July 27 2021"]
[White "Wachinger, Guenther"]
[Black "Darini, Pouria"]
[WhiteFideId "4604261"]
[BlackFideId "12502200"]
[WhiteElo "2212"]
[BlackElo "2489"]
[Result "0-1"]
[Round "04"]
[TimeControl "180+1"]
[Date "2021.07.27"]
[WhiteClock "0:00:03"]
[BlackClock "0:00:07"]

1. e4 c5 2. Nf3 d6 3. d4 cxd4 4. Nxd4 Nf6 5. Nc3 a6 6. Qf3 e6 7. g4 Nc6 8. Be3 Nxd4 9. Bxd4 e5 10. Be3 Bxg4 11. Qg3 Rc8 12. Bg5 Be6 13. O-O-O Be7 14. Bxf6 Bxf6 15. Nd5 Bg5+ 16. Kb1 O-O 17. h4 Bh6 18. Bh3 Kh8 19. Bf5 Rc5 20. Qb3 Rb5 21. Qa3 Bxd5 22. Rxd5 Rxd5 23. exd5 Qb6 24. f3 Be3 25. h5 Bd4 26. Qb3 Qxb3 27. axb3 Kg8 28. c3 Be3 29. Kc2 g6 30. Bd3 Kg7 31. Kd1 a5 32. Ke2 Bc5 33. Ra1 b6 34. Rh1 Re8 35. Bb5 Re7 36. Kd3 f5 37. hxg6 hxg6 38. Rh4 Bf2 39. Rh2 e4+ 40. fxe4 fxe4+ 41. Ke2 Bc5 42. Rg2 Kf6 43. Ba6 Rh7 44. Bc8 g5 45. Be6 Rh4 46. Kd2 Rf4 47. Ke2 e3 48. Rh2 g4 49. Rg2 Kg5 50. Bd7 Rf2+ 51. Rxf2 exf2 52. Kf1 g3 53. b4 axb4 54. cxb4 Bxb4 55. Bb5 Kf4 56. Be2 Ke3 57. Bg4 Bc5 58. b3 Bd4 59. Kg2 Be5 60. Bd7 Kd2 61. Bb5 Kc3 62. Bc4 Kb4 63. Be2 Kxb3 64. Kf3 Kb4 65. Ke4 g2 0-1


[Site "https://www.chess.com"]

[Event "Titled Tuesday Blitz July 27 2021"]
[White "Walentukiewicz, Michal"]
[Black "Gasanov, Zaur"]
[WhiteFideId "1126903"]
[BlackFideId "34125970"]
[WhiteElo "1974"]
[BlackElo "2099"]
[Result "0-1"]
[Round "04"]
[TimeControl "180+1"]
[Date "2021.07.27"]
[WhiteClock "0:00:03"]
[BlackClock "0:00:02"]

1. g3 Nf6 2. Bg2 d5 3. c4 dxc4 4. Qa4+ Nbd7 5. Qxc4 e6 6. Nf3 Be7 7. O-O O-O 8. d4 a6 9. Qc2 Rb8 10. Nc3 b5 11. e4 Bb7 12. e5 Nd5 13. Ne4 Nb4 14. Qe2 c5 15. Rd1 c4 16. a3 Nd3 17. Nc3 Nxc1 18. Raxc1 Nb6 19. Ne1 Bxg2 20. Nxg2 Nd5 21. Ne3 Nxc3 22. bxc3 Qc7 23. f4 Rfd8 24. f5 Bg5 25. fxe6 Bxe3+ 26. Qxe3 fxe6 27. Rf1 Rf8 28. Rxf8+ Rxf8 29. Rf1 Rxf1+ 30. Kxf1 Qf7+ 31. Kg2 Qf5 32. Qf3 Qc2+ 33. Kh3 h6 34. d5 Qd3 35. Qf4 Qxd5 36. Qe3 Qd3 37. Qb6 Qf1+ 38. Kg4 Qf5+ 39. Kh4 Kh7 40. g4 g5+ 41. Kg3 Qxe5+ 42. Kg2 Qe4+ 43. Kf2 Qf4+ 44. Kg2 Qxg4+ 45. Kf2 Qf4+ 46. Kg2 Qe4+ 47. Kf2 Qc2+ 48. Kg1 Qxc3 49. Qxe6 Qd4+ 50. Kg2 c3 51. Qf7+ Qg7 52. Qf5+ Kg8 53. Qe6+ Qf7 54. Qc8+ Kh7 55. Qxc3 Qd5+ 56. Kg3 Kg6 57. Qc2+ Qf5 58. Qc6+ Qf6 59. Qe8+ Qf7 60. Qe4+ Kg7 61. Qe5+ Qf6 62. Qc7+ Kg6 63. Qc2+ Qf5 64. Qc6+ Kh5 65. Qxa6 Qf4+ 66. Kg2 Qd2+ 67. Kg3 Qd3+ 68. Kg2 g4 69. Qa5 Kh4 70. Qe1+ Kg5 71. Qc1+ Kh5 72. Qc5+ Kg6 73. Qc6+ Kg5 74. Qc5+ Qf5 75. Qe3+ Kh5 76. Qc3 Qe4+ 77. Kg3 Kg5 78. Qd2+ Kh5 79. Qc3 Qf5 80. Qe3 Kg6 81. Qc3 Kg5 82. Qe3+ Kh5 83. Qc3 Qg5 84. Qb4 Qe5+ 85. Kg2 Kg5 86. Qd2+ Qf4 87. Qd5+ Kh4 88. Qd8+ Qg5 89. Qd3 Qf4 90. Qd8+ Qg5 91. Qd3 Qf6 92. Qg3+ Kh5 93. Qe3 Qb2+ 94. Kg3 Qf6 95. Kg2 Qg5 96. Qd3 Qf4 97. Qc3 Kh4 0-1


[Site "https://www.chess.com"]

[Event "Titled Tuesday Blitz July 27 2021"]
[White "Weetik, Vjacheslav"]
[Black "Dev, Shah"]
[WhiteFideId "4153472"]
[BlackFideId "35019058"]
[WhiteElo "2469"]
[BlackElo "2098"]
[Result "0-1"]
[Round "04"]
[TimeControl "180+1"]
[Date "2021.07.27"]
[WhiteClock "0:00:02"]
[BlackClock "0:00:34"]

1. d4 d5 2. Bf4 Nf6 3. e3 e6 4. Nd2 c5 5. c3 Bd6 6. Bxd6 Qxd6 7. Bd3 b6 8. Ngf3 O-O 9. Ne5 Ba6 10. Bxa6 Nxa6 11. O-O Nd7 12. Qa4 Nab8 13. Nef3 Nc6 14. Rad1 f5 15. c4 cxd4 16. exd4 a6 17. cxd5 exd5 18. Nb1 b5 19. Qa3 Qxa3 20. Nxa3 Nb6 21. Nb1 Rfe8 22. Rfe1 Kf7 23. Nc3 b4 24. Ne2 Kf6 25. Nf4 g5 26. Nd3 a5 27. Rxe8 Rxe8 28. Rc1 Re6 29. Nc5 Rd6 30. Nb7 Re6 31. Nc5 Rd6 32. Rd1 g4 33. Nh4 Nd7 34. Nxd7+ Rxd7 35. g3 Re7 36. Kf1 Re4 37. Rc1 Nxd4 38. Rc5 Ke6 39. Rxa5 Re2 40. Nxf5 Rd2 41. Nxd4+ Rxd4 42. Rb5 h5 43. Rb7 Kf5 44. Kg2 Rc4 45. b3 Rc2 46. Rxb4 Rxa2 47. Rb5 Ke4 48. Rb8 d4 49. Re8+ Kd3 50. Rh8 Ra5 51. h3 Kc2 52. b4 Rb5 53. hxg4 hxg4 54. Rg8 d3 55. Rxg4 Rd5 56. Rc4+ Kb2 0-1


[Site "https://www.chess.com"]

[Event "Titled Tuesday Blitz July 27 2021"]
[White "Wiewiora, Eneasz"]
[Black "Terletsky, Oleg"]
[WhiteFideId "1140396"]
[BlackFideId "14116774"]
[WhiteElo "2312"]
[BlackElo "2094"]
[Result "1-0"]
[Round "04"]
[TimeControl "180+1"]
[Date "2021.07.27"]
[WhiteClock "0:00:23"]
[BlackClock "0:00:31"]

1. e4 e5 2. Nf3 Nc6 3. Bc4 Nf6 4. d3 h6 5. O-O d6 6. c3 g6 7. a4 Bg7 8. Re1 O-O 9. Nbd2 Na5 10. Ba2 c5 11. b4 cxb4 12. cxb4 Nc6 13. Ba3 a6 14. Bc4 Bg4 15. h3 Bh5 16. Qb3 Qd7 17. b5 Na5 18. Qb4 Nxc4 19. dxc4 axb5 20. axb5 Bxf3 21. Nxf3 Rfc8 22. Rac1 Qe6 23. Qxd6 Qxd6 24. Bxd6 Ra4 25. Bxe5 1-0


[Site "https://www.chess.com"]

[Event "Titled Tuesday Blitz July 27 2021"]
[White "Williams, Simon K"]
[Black "Koridze, Lile"]
[WhiteFideId "404454"]
[BlackFideId "13612514"]
[WhiteElo "2468"]
[BlackElo "1978"]
[Result "0-1"]
[Round "04"]
[TimeControl "180+1"]
[Date "2021.07.27"]
[WhiteClock "0:00:08"]
[BlackClock "0:00:44"]

1. d4 Nf6 2. Nc3 d5 3. Bf4 c6 4. e3 Bg4 5. f3 Bh5 6. h4 Bg6 7. g4 h6 8. Nh3 e6 9. Bd3 Bxd3 10. Qxd3 Nbd7 11. Nf2 a6 12. e4 dxe4 13. fxe4 c5 14. d5 Qb6 15. O-O-O c4 16. Qf3 Bc5 17. Rhf1 e5 18. Bd2 O-O 19. g5 Ne8 20. gxh6 g6 21. h5 Nd6 22. hxg6 fxg6 23. Qg4 Kh8 24. Qxd7 Rf7 25. Qe6 Bxf2 26. Qxe5+ Kh7 27. Na4 Qc7 28. Qh2 Raf8 29. e5 Ne4 30. d6 Qd7 31. Nc3 Nxd2 32. Kxd2 Be3+ 33. Kxe3 Rxf1 34. Rxf1 Rxf1 35. Qg2 Qf7 36. Nd5 Re1+ 37. Kd2 Rxe5 38. Kc3 0-1


[Site "https://www.chess.com"]

[Event "Titled Tuesday Blitz July 27 2021"]
[White "Willow, Jonah B"]
[Black "Saravana, Krishnan P."]
[WhiteFideId "438804"]
[BlackFideId "5018382"]
[WhiteElo "2261"]
[BlackElo "2245"]
[Result "0-1"]
[Round "04"]
[TimeControl "180+1"]
[Date "2021.07.27"]
[WhiteClock "0:00:02"]
[BlackClock "0:00:07"]

1. e4 e6 2. d4 d5 3. Nd2 h6 4. e5 c5 5. c3 Nc6 6. Ngf3 Qb6 7. Nb3 cxd4 8. cxd4 a5 9. a4 Bb4+ 10. Bd2 Nge7 11. Bb5 O-O 12. O-O Bxd2 13. Qxd2 Bd7 14. Nc5 Rfd8 15. Rac1 Be8 16. b3 Rac8 17. Rc3 Nf5 18. Rfc1 Rc7 19. g4 Nfe7 20. Ne1 Rdc8 21. f4 Ng6 22. Nf3 Qa7 23. f5 exf5 24. gxf5 Nge7 25. f6 Ng6 26. fxg7 Kxg7 27. e6 b6 28. Nd7 Nce7 29. exf7 Bxf7 30. Nde5 Rxc3 31. Rxc3 Rxc3 32. Qxc3 Qb8 33. h4 Nf5 34. Nxg6 Bxg6 35. Ne5 Qd8 36. Qc6 Nxh4 37. Qb7+ Kh8 38. Kf1 Qf6+ 39. Ke2 Nf5 40. Qc8+ Kh7 41. Qd7+ Ng7 42. Qxd5 Bh5+ 43. Kd3 Qf1+ 44. Kd2 Qf2+ 45. Kc3 Qe1+ 46. Kc2 Bd1+ 47. Kb2 Qd2+ 48. Kb1 Bc2+ 49. Kb2 Be4+ 0-1


[Site "https://www.chess.com"]

[Event "Titled Tuesday Blitz July 27 2021"]
[White "Yaran, Siar"]
[Black "Pires, Marcos Vinicius Torsani"]
[WhiteFideId "6323006"]
[BlackFideId "2118939"]
[WhiteElo "1977"]
[BlackElo "2273"]
[Result "1-0"]
[Round "04"]
[TimeControl "180+1"]
[Date "2021.07.27"]
[WhiteClock "0:00:57"]
[BlackClock "0:00:43"]

1. e4 c6 2. d4 d5 3. Nc3 dxe4 4. Nxe4 Bf5 5. Ng3 Bg6 6. Nf3 Nd7 7. Bd3 e6 8. O-O Ngf6 9. Re1 Be7 10. c4 Bxd3 11. Qxd3 O-O 12. Bf4 Re8 13. Rad1 Qa5 14. a3 Rad8 15. Qc2 Nf8 16. Bd2 Qc7 17. Bc3 Ng6 18. Ne4 Nxe4 19. Qxe4 Bf6 20. Ne5 Nxe5 21. dxe5 Be7 22. b4 Rxd1 23. Rxd1 Rd8 24. Rd3 Rxd3 25. Qxd3 h6 26. f4 Qb6+ 27. Kf1 Bh4 28. g3 Be7 29. Bd4 Qd8 30. Ke2 a6 31. g4 b5 32. Bc5 Qe8 33. Bd6 Bf8 34. h4 Qd8 35. Bxf8 Qxf8 36. Qd6 Qc8 37. Kd3 bxc4+ 38. Kxc4 Qb7 39. a4 a5 40. Qd8+ Kh7 41. bxa5 Qa6+ 42. Kc5 Qe2 43. Kb6 Qe3+ 44. Kb7 Qb3+ 45. Qb6 Qxa4 46. a6 Qe4 47. a7 c5+ 48. Qc6 Qb4+ 49. Kc8 1-0


[Site "https://www.chess.com"]

[Event "Titled Tuesday Blitz July 27 2021"]
[White "Ahmadzada, Ahmad"]
[Black "Parkhov, Yair"]
[WhiteFideId "13413007"]
[BlackFideId "2813408"]
[WhiteElo "2226"]
[BlackElo "2131"]
[Result "1/2-1/2"]
[Round "05"]
[TimeControl "180+1"]
[Date "2021.07.27"]
[WhiteClock "0:00:05"]
[BlackClock "0:00:06"]

1. e4 e6 2. d4 d5 3. exd5 exd5 4. Bd3 Bd6 5. Nf3 Nf6 6. O-O O-O 7. h3 h6 8. c4 dxc4 9. Bxc4 Nc6 10. Nc3 Bf5 11. Re1 Re8 12. Be3 Qd7 13. a3 a6 14. Rc1 Rad8 15. Bf1 Ne4 16. Qb3 Na5 17. Qd1 Nxc3 18. bxc3 b5 19. Ra1 Qc8 20. a4 Nc4 21. axb5 axb5 22. Bxc4 bxc4 23. Qa4 Bxh3 24. gxh3 Qxh3 25. Ne5 Bxe5 26. Bf4 Bxf4 27. Rxe8+ Kh7 28. Qc2+ g6 29. Rxd8 Bh2+ 30. Kh1 Bg3+ 31. Kg1 Bh2+ 32. Kh1 Bg3+ 33. Kg1 Bh2+ 1/2-1/2


[Site "https://www.chess.com"]

[Event "Titled Tuesday Blitz July 27 2021"]
[White "Andreikin, Dmitry"]
[Black "Asadli, Vugar"]
[WhiteFideId "4158814"]
[BlackFideId "13405764"]
[WhiteElo "2782"]
[BlackElo "2386"]
[Result "1-0"]
[Round "05"]
[TimeControl "180+1"]
[Date "2021.07.27"]
[WhiteClock "0:00:04"]
[BlackClock "0:00:47"]

1. Nf3 g6 2. e4 Bg7 3. d4 d6 4. Bc4 e6 5. O-O Ne7 6. Bb3 b6 7. Re1 Bb7 8. c3 O-O 9. Nbd2 c5 10. Nf1 Nd7 11. Ng3 Rc8 12. Be3 Nf6 13. Bf4 d5 14. e5 Ne4 15. Bc2 cxd4 16. cxd4 Nf5 17. Bd3 Nfxg3 18. hxg3 f6 19. exf6 Bxf6 20. Qe2 g5 21. Be3 h6 22. Ne5 Bxe5 23. dxe5 Qc7 24. Qh5 Qg7 25. Bd4 Nc5 26. Bc2 Ba6 27. Rad1 Bb5 28. Re3 Ne4 29. Bxe4 dxe4 30. Rxe4 Rc2 31. Ree1 Rfc8 32. Bc3 Rf8 33. f3 Bc4 34. a3 Bd5 35. Rd4 Kh7 36. Red1 Qg6 37. Qxg6+ Kxg6 38. Rxd5 exd5 39. Rxd5 g4 40. Rd6+ Kg5 41. f4+ Kf5 42. Rxh6 Rd8 43. Rd6 Rxd6 44. exd6 Ke6 45. Be5 Rd2 46. Kf1 a5 47. Kg1 a4 48. Kf1 b5 49. Ke1 Kf5 50. Kxd2 Ke6 51. Kc3 1-0


[Site "https://www.chess.com"]

[Event "Titled Tuesday Blitz July 27 2021"]
[White "Bazeev, German"]
[Black "Piesik, Piotr"]
[WhiteFideId "24119350"]
[BlackFideId "1136194"]
[WhiteElo "2462"]
[BlackElo "2354"]
[Result "1-0"]
[Round "05"]
[TimeControl "180+1"]
[Date "2021.07.27"]
[WhiteClock "0:00:11"]
[BlackClock "0:00:32"]

1. d4 c5 2. c3 Nf6 3. Nf3 d5 4. Bg5 Ne4 5. Be3 Bf5 6. Nbd2 e6 7. g3 Nc6 8. Bg2 cxd4 9. Nxd4 Nxd4 10. Bxd4 Nxd2 11. Qxd2 f6 12. O-O Be7 13. Rfd1 O-O 14. a4 Qc7 15. a5 Bc5 16. Bxc5 Qxc5 17. Qd4 Rac8 18. h4 Qxd4 19. Rxd4 Rc5 20. Rb4 Rc7 21. h5 h6 22. Rd1 Rfc8 23. Kf1 Kf8 24. f4 Bg4 25. Bf3 Bxf3 26. exf3 Ke7 27. f5 Rd8 28. fxe6 Kxe6 29. Kf2 Rd6 30. g4 b6 31. axb6 Rxb6 32. Rxb6+ axb6 33. Re1+ Kd6 34. Kg3 Ra7 35. Kf4 Ra2 36. Re2 Ra1 37. Kf5 Rf1 38. Re3 Rf2 39. Kg6 Rxb2 40. Kxg7 b5 41. Kxh6 Rb3 42. Kg7 b4 43. h6 bxc3 44. h7 c2 45. Rxb3 c1=Q 46. h8=Q Qc7+ 47. Kh6 Qc1+ 48. Kg7 Qc7+ 49. Kxf6 Qe7+ 50. Kg6 1-0


[Site "https://www.chess.com"]

[Event "Titled Tuesday Blitz July 27 2021"]
[White "Bok, Benjamin"]
[Black "Gasanov, Zaur"]
[WhiteFideId "1017063"]
[BlackFideId "34125970"]
[WhiteElo "2658"]
[BlackElo "2099"]
[Result "1-0"]
[Round "05"]
[TimeControl "180+1"]
[Date "2021.07.27"]
[WhiteClock "0:00:38"]
[BlackClock "0:00:07"]

1. Nf3 Nf6 2. c4 g6 3. g3 Bg7 4. Bg2 O-O 5. O-O d5 6. d4 dxc4 7. Na3 c3 8. bxc3 Nd5 9. Bb2 c5 10. e4 Nb6 11. Rb1 Bg4 12. h3 Bxf3 13. Bxf3 Nc6 14. d5 Ne5 15. Bg2 c4 16. Ba1 Rc8 17. f4 Qd6 18. Nb5 Qc5+ 19. Kh2 Nd3 20. Nxa7 Ra8 21. Rb5 Qc7 22. Qb1 Rxa7 23. Rxb6 Rxa2 24. Qxa2 Qxb6 25. Qxc4 Nc5 26. e5 Ra8 27. Qd4 Ra2 28. c4 Qc7 29. Bc3 Na4 30. Bb4 Rc2 31. Qa7 1-0


[Site "https://www.chess.com"]

[Event "Titled Tuesday Blitz July 27 2021"]
[White "Darini, Pouria"]
[Black "Perez Ponsa, Federico"]
[WhiteFideId "12502200"]
[BlackFideId "117927"]
[WhiteElo "2489"]
[BlackElo "2672"]
[Result "0-1"]
[Round "05"]
[TimeControl "180+1"]
[Date "2021.07.27"]
[WhiteClock "0:01:48"]
[BlackClock "0:01:56"]

1. e4 e5 2. Nf3 Nc6 3. d4 exd4 4. Nxd4 Nf6 5. Nxc6 bxc6 6. e5 Qe7 7. Qe2 Nd5 8. h4 d6 9. exd6 cxd6 10. c4 Nb4 11. Be3 Bf5 12. Na3 Nd3+ 13. Qxd3 Bxd3 14. Bxd3 g6 15. O-O-O Bg7 16. Bg5 Qb7 17. Rhe1+ Be5 18. Re2 O-O 19. h5 Rfe8 20. hxg6 hxg6 21. Rh1 Bg7 22. Rd2 Rab8 23. b3 Qb4 24. Nb1 a5 0-1


[Site "https://www.chess.com"]

[Event "Titled Tuesday Blitz July 27 2021"]
[White "Dowgird, Filip"]
[Black "Nabaty, Tamir"]
[WhiteFideId "1121235"]
[BlackFideId "2809052"]
[WhiteElo "2209"]
[BlackElo "2627"]
[Result "0-1"]
[Round "05"]
[TimeControl "180+1"]
[Date "2021.07.27"]
[WhiteClock "0:01:31"]
[BlackClock "0:02:20"]

1. d4 Nf6 2. Bf4 g6 3. Nc3 d5 4. e3 Bg7 5. Nf3 O-O 6. Be2 c5 7. Ne5 Nc6 8. O-O cxd4 9. exd4 Bf5 10. Nxc6 bxc6 11. Na4 Nd7 12. c3 f6 13. Bg4 Bxg4 14. Qxg4 e5 15. Qe6+ Rf7 16. Be3 Qc7 17. Rac1 f5 18. dxe5 Bxe5 19. f4 Bd6 20. c4 Nf8 0-1


[Site "https://www.chess.com"]

[Event "Titled Tuesday Blitz July 27 2021"]
[White "Gabrielian, Artur"]
[Black "Sadhwani, Raunak"]
[WhiteFideId "4131002"]
[BlackFideId "35093487"]
[WhiteElo "2523"]
[BlackElo "2514"]
[Result "0-1"]
[Round "05"]
[TimeControl "180+1"]
[Date "2021.07.27"]
[WhiteClock "0:00:03"]
[BlackClock "0:00:10"]

1. e4 c5 2. Nc3 Nc6 3. Bb5 Nd4 4. Bc4 a6 5. Nce2 Nc6 6. Nf3 e6 7. a4 d5 8. exd5 exd5 9. Ba2 Bg4 10. d4 Bxf3 11. gxf3 Nf6 12. dxc5 Bxc5 13. Rg1 Qb6 14. Rxg7 O-O-O 15. Qd3 Rhg8 16. Qf5+ Nd7 17. Rxg8 Rxg8 18. Qxf7 Rf8 19. Qxd5 Nb4 20. Qe4 Bxf2+ 21. Kf1 Nxa2 22. Rxa2 Bc5 23. b4 Bd6 24. Be3 Qxb4 25. Qxb4 Bxb4 26. Kf2 Ne5 27. Nf4 Nc4 28. Nd5 Bd6 29. Ra1 Rf7 30. h4 Kd7 31. Rd1 Kc6 32. f4 Rf5 33. Nc3 Bxf4 34. Bxf4 Rxf4+ 35. Kg3 Rf5 36. Ne4 Ra5 37. Rf1 Rxa4 38. Rf6+ Kc7 39. Rf7+ Kc6 40. Rf6+ Kc7 41. Rf7+ Kb6 42. Rxb7+ Kxb7 43. Nc5+ Kc6 44. Nxa4 a5 45. Kf4 Kb5 46. Nc3+ Kb4 47. Nb1 a4 48. Ke4 Na3 49. c3+ Kb3 50. Nd2+ Kxc3 51. Nf3 Nb5 52. Ng1 a3 53. Ne2+ Kb2 54. Nf4 a2 55. Nd3+ Ka3 56. Ne1 Kb3 0-1


[Site "https://www.chess.com"]

[Event "Titled Tuesday Blitz July 27 2021"]
[White "Gelman, Alexander"]
[Black "Sarana, Alexey"]
[WhiteFideId "4118316"]
[BlackFideId "24133795"]
[WhiteElo "2375"]
[BlackElo "2646"]
[Result "0-1"]
[Round "05"]
[TimeControl "180+1"]
[Date "2021.07.27"]
[WhiteClock "0:00:05"]
[BlackClock "0:00:15"]

1. d4 d5 2. Nc3 Nf6 3. Bf4 a6 4. e3 c5 5. Nf3 Qb6 6. Na4 Qa5+ 7. c3 cxd4 8. exd4 Nc6 9. Nc5 e6 10. b4 Qd8 11. Bd3 b6 12. Nb3 a5 13. b5 Ne7 14. Ne5 Ng6 15. Bg3 Nxe5 16. Bxe5 Bd6 17. O-O O-O 18. Qf3 a4 19. Nd2 Bxe5 20. dxe5 Nd7 21. Qh3 f5 22. exf6 Nxf6 23. Nf3 e5 24. Bf5 e4 25. Nd4 Bxf5 26. Qxf5 Qc8 27. Qg5 Qxc3 28. Ne6 Rf7 29. Rac1 Qb2 30. Rb1 Qa3 31. Nxg7 Kh8 32. Nf5 Rg8 33. Qh4 Qf3 34. Ng3 Qg4 35. Qh6 d4 36. Rbc1 d3 37. Rfd1 Nd5 38. Rc4 Qxd1+ 0-1


[Site "https://www.chess.com"]